 Dungeon Crawl Stone Soup version 0.18.1-50-g88ac8fd (webtiles) character file.

697 sweetandcool the Insei (level 7, -7/55 HPs)
             Began as a Human Monk on Oct 21, 2016.
             Was a Believer of Fedhas.
             Mangled by Duvessa
             ... wielding a +2 short sword of speed
              (13 damage)
             ... on level 4 of the Dungeon.
             The game lasted 00:44:52 (5010 turns).

sweetandcool the Insei (Human Monk)                 Turns: 5010, Time: 00:44:53

Health: -7/55      AC: 10    Str: 17    XL:     7   Next: 97%
Magic:  7/7        EV: 21    Int:  8    God:    Fedhas [**....]
Gold:   176        SH:  2    Dex: 22    Spells: 0 memorised, 6 levels left

rFire  . . .     SeeInvis .       - Unarmed
rCold  . . .     Gourm    .     g - +1 leather armour
rNeg   . . .     Faith    .     (no shield)
rPois  .         Spirit   .     (no helmet)
rElec  .         Dismiss  .     (no cloak)
rCorr  .         Reflect  +     l - +0 pair of gloves
SustAt .         Harm     .     e - +0 pair of boots
MR     .....                    d - +2 amulet of reflection
Stlth  ++++......               (no ring)
                                (no ring)

@: mighty, agile, about to teleport, not resistant to hostile enchantments,
stealthy
A: iridescent scales 1, dopey 1
a: Evolution, Sunlight, Renounce Religion


You were on level 4 of the Dungeon.
You worshipped Fedhas.
Fedhas was pleased with you.
You were not hungry.

You visited 1 branch of the dungeon, and saw 4 of its levels.
You also visited: Sewer.

You collected 176 gold pieces.

Inventory:

Hand Weapons
 k - a cursed +0 short sword
 m - a +2 whip of holy wrath
Armour
 a - a +0 robe
 e - a +0 pair of boots (worn)
 g - a +1 leather armour (worn)
 l - a +0 pair of gloves (worn)
 u - a +0 pair of boots
Jewellery
 d - a +2 amulet of reflection (around neck)
Scrolls
 c - 2 scrolls of remove curse
 f - 6 scrolls of identify
 i - 2 scrolls of teleportation
 r - a scroll of magic mapping
Potions
 j - a potion of flight
 n - a potion of invisibility
 o - 2 potions of mutation
Comestibles
 b - 3 bread rations
 h - 4 fruits


   Skills:
 + Level 4.4 Fighting
 + Level 2.4 Armour
 + Level 5.5 Dodging
 + Level 3.2 Stealth
 + Level 5.9 Unarmed Combat
 + Level 0.2 Invocations


You had 6 spell levels left.
You didn't know any spells.

Dungeon Overview and Level Annotations

Branches:
Dungeon (4/15)
 Temple: D:4-7

Altars:
Fedhas

Shops:
D:4 *

Annotations:
D:4 Duvessa


Innate Abilities, Weirdness & Mutations

You are partially covered in iridescent scales (AC +4).
You are dopey. (Int -2)


Message History

Duvessa hits you with a short sword of speed.
* * * LOW HITPOINT WARNING * * *
Dowan completely misses you. Duvessa closely misses you.
Drink which item? (? for menu, Esc to quit)
You don't have any such object.
Drink which item? (? for menu, Esc to quit)
You can't drink that!
Unknown command.
Read which item? (? for menu, Esc to quit)
Okay, then.
You punch Dowan!
You kill Dowan!
Duvessa screams in rage.
Duvessa goes berserk!
Duvessa closely misses you.
Read which item? (? for menu, Esc to quit)
As you read the scroll of teleportation, it crumbles to dust.
You feel strangely unstable.
Duvessa hits you with a short sword of speed!
You die...
Fedhas appreciates your contribution to the ecosystem.

..≈≈≈≈≈≈.≈.≈≈.≈≈..(.≈≈≈≈.≈≈≈≈≈..(
≈≈≈≈≈≈≈≈≈≈≈≈≈≈≈≈....≈≈≈≈≈≈≈≈≈≈≈≈≈
≈≈≈≈≈≈≈≈≈≈≈≈≈≈≈≈.....≈≈≈≈≈≈≈≈≈≈≈≈
≈≈≈≈≈≈≈≈≈≈≈≈≈≈≈≈....≈≈≈≈≈≈≈≈≈≈≈≈≈
#################''##############
#....# #....# ##....## #)@....#
.....'.e....'.. .....#......#..
#######....#### #....# #....#
######


You could see Duvessa (berserk).

Vanquished Creatures
  5 big kobolds
  Dowan (D:4)
  A howler monkey (D:4)
  2 orc wizards (D:3)
  3 gnolls (D:2)
  6 adders
  2 worms
  A dart slug (D:2)
  7 giant geckos
  4 orcs (D:3)
  9 ball pythons
  4 giant cockroaches
  8 goblins
  7 hobgoblins
  6 jackals
  36 kobolds
  2 quokkas
  3 bats
  A giant gecko skeleton (D:4)
  9 giant newts
  9 rats
  A plant (Sewer)
127 creatures vanquished.

Notes
Turn   | Place    | Note
--------------------------------------------------------------
     0 | D:1      | sweetandcool the Human Monk began the quest for the Orb.
     0 | D:1      | Reached XP level 1. HP: 18/18 MP: 1/1
   139 | D:1      | Gained mutation: You are dopey. (Int -2) [potion of mutation]
   139 | D:1      | Gained mutation: You are partially covered in iridescent scales (AC +4). [potion of mutation]
   251 | D:1      | Reached XP level 2. HP: 21/24 MP: 2/2
   445 | D:1      | Reached XP level 3. HP: 28/29 MP: 3/3
   979 | D:2      | Reached XP level 4. HP: 31/35 MP: 4/4
  1732 | D:2      | Reached XP level 5. HP: 21/41 MP: 5/5
  1740 | D:2      | Reached skill level 5 in Unarmed Combat
  2469 | D:3      | Reached skill level 1 in Armour
  2678 | D:3      | Found a glowing drain.
  2738 | Sewer    | Entered a sewer
  2789 | Sewer    | Noticed a big kobold
  2876 | Sewer    | Killed a big kobold
  2876 | Sewer    | Reached XP level 6. HP: 29/48 MP: 6/6
  3132 | Sewer    | Reached XP level 7. HP: 54/54 MP: 7/7
  3485 | D:3      | Reached skill level 5 in Dodging
  3808 | D:4      | Noticed Duvessa
  3808 | D:4      | Noticed Dowan
  3809 | D:4      | Found Rydwal's Assorted Antiques.
  4259 | D:4      | Found a blossoming altar of Fedhas.
  4277 | D:4      | Became a worshipper of Fedhas Madash
  4277 | D:4      | Reached * piety under Fedhas
  4277 | D:4      | Reached ** piety under Fedhas
  5009 | D:4      | Killed Dowan
  5010 | D:4      | Mangled by Duvessa

Skill      XL: |  1  2  3  4  5  6  7 |
---------------+----------------------+-----
Unarmed Combat | 5 |  5.9
Armour         | 1 2 |  2.4
Dodging        | 4 5 |  5.5
Fighting       | 4 |  4.4
Stealth        | 3 |  3.2
Invocations    | |  0.2

Action                   |  1- 3 |  4- 6 |  7- 9 || total
-------------------------+-------+-------+-------++-------
Melee: Unarmed           |   119 |   232 |   250 ||   601
       Punch             |     3 |     3 |     7 ||    13
Invok: Sunlight          |       |       |     1 ||     1
  Use: Potion            |     1 |     3 |    13 ||    17
       Scroll            |     3 |     5 |     6 ||    14
 Stab: Sleeping          |     4 |     1 |     1 ||     6
       Distracted        |       |     1 |     1 ||     2
  Eat: Chunk             |       |     3 |     1 ||     4
       Meat ration       |       |     1 |       ||     1
       Bread ration      |       |       |     2 ||     2
Armor: Robe              |    26 |       |       ||    26
       Leather armour    |    16 |    75 |    85 ||   176
Dodge: Dodged            |    73 |   150 |   169 ||   392
Block: Other             |     5 |    21 |    17 ||    43
       Reflection        |       |     3 |     1 ||     4
